 Dungeon Crawl Stone Soup version 0.29-a0-322-g68df515428 (webtiles) character file.

Game seed: 8788061345557852352

219 Morbidden the Fighter (level 5, 0/56 HPs)
             Began as a Demonspawn Conjurer on Apr 8, 2022.
             Slain by a goblin
             ... wielding a +0 club
             ... led by Robin
              (2 damage)
             ... on level 3 of the Dungeon.
             The game lasted 00:04:00 (3358 turns).

Morbidden the Fighter (Demonspawn Conjurer)         Turns: 3358, Time: 00:04:01

Health: 0/56       AC:  2    Str:  9    XL:     5   Next: 63%
Magic:  5/9        EV: 12    Int: 22    God:
Gold:   88         SH:  0    Dex: 11    Spells: 6/9 levels left

rFire   . . .      SeeInvis .   b - +0 hand axe (flame)
rCold   . . .      Faith    .   (no shield)
rNeg    . . .      Spirit   .   a - +0 robe
rPois   .          Reflect  .   (no helmet)
rElec   .          Harm     .   (no cloak)
rCorr   .          Rampage  .   (no gloves)
Will    .....                   (no boots)
Stlth   ++........              (no amulet)
HPRegen 0.18/turn               (no ring)
MPRegen 0.11/turn               (no ring)

@: brilliant, about to teleport, attractive, hasted, very quick
A: hooves 1, powered by pain 1, big brain 1
a: no special abilities


You were on level 3 of the Dungeon.
You visited 1 branch of the dungeon, and saw 3 of its levels.

You collected 134 gold pieces.
You spent 46 gold pieces at shops.

Inventory:

Hand Weapons
 b - a +0 hand axe of flaming (weapon)
Missiles
 g - 6 curare-tipped darts
Armour
 a - a +0 robe (worn)
Wands
 l - a wand of polymorph (9)
Scrolls
 c - a scroll of teleportation
 e - a scroll of immolation {unknown}
 h - a scroll of identify {unknown}
 k - a scroll of blinking {unknown}


   Skills:
 * Level 11.3 Fighting
 * Level 2.0 Dodging
 + Level 2.0 Stealth
 + Level 0.1 Unarmed Combat
 * Level 2.9 Spellcasting
 * Level 5.0 Conjurations


You had 6 spell levels left.
You knew the following spells:

 Your Spells              Type           Power      Damage    Failure   Level
a - Magic Dart            Conj           100%       1d8       1%          1
b - Searing Ray           Conj           76%        2d7       2%          2

Your spell library contained the following spells:

 Spells                   Type           Power      Damage    Failure   Level
 Dazzling Flash           Conj/Hex       42%        N/A       13%         3
 Sublimation of Blood     Necr           4%         N/A       19%         2
 Fulminant Prism          Conj/Hex       10%        3d9       41%         4
 Iskenderun's Mystic Bla  Conj/Tloc      21%        2d6       41%         4
 Petrify                  Tmut/Erth      4%         N/A       77%         4
 Irradiate                Conj/Tmut      10%        3d16      77%         5


Dungeon Overview and Level Annotations

Branches:
Dungeon (3/15)

Altars:

Shops:
D:2 *

Annotations:
D:3 Robin


Innate Abilities, Weirdness & Mutations

You have large cloven feet.
You sometimes gain a little power by taking damage.
You have an unusually large brain. (Int +2)


Message History

Unknown command.
Unknown command.
The goblin hits you with a +0 club.
* * * LOW HITPOINT WARNING * * *
Unknown command.
Unknown command.
Unknown command.
Unknown command.
Okay, then.
Unknown command.
It was a potion of attraction.
You feel attractive to monsters. Robin is attracted toward you.
Unknown command.
Unknown command.
It was a potion of experience.
You feel more experienced!
Your Fighting skill gained 10 levels and is now at level 11!
You have reached level 5!
Your demonic ancestry asserts itself...
You feel energised by your suffering. The goblin misses you.
The goblin closely misses you. The goblin hits you with a +0 club.
* * * LOW HITPOINT WARNING * * *
Unknown command.
Unknown command.
Unknown command.
Unknown command.
Unknown command.
Casting: Magic Dart (safe; 1% risk of failure)
Confirm with . or Enter, or press ? or * to list all spells.
Aiming: Searing Ray (safe; 2% risk of failure)
Press: ? - help, Shift-Dir - straight line, f/p - goblin
Aim: a goblin, wielding a +0 dagger (moderately wounded, strong, 76% to hit)
Okay, then.
Unknown command.
As you read the scroll labelled PELLAH NUECZAWK, it crumbles to dust.
You feel strangely unstable.
It was a scroll of teleportation.
The goblin barely misses you. The goblin hits you with a +0 club.
You die...

#.......#
#[####.##
######.# #.#
###......# #.#
#......###
#.######
#......#
#.##.).#######
#......#
#..'g..')ยง....
#......#
####ggg######.
#......# #@gg#
#......# #####
#......#
###.#### #.#
#.# ###.####...
...........
...........


You could see Robin (resistant) and 5 goblins.

Vanquished Creatures
  3 adders (D:2)
  2 dart slugs
  2 bats (D:2)
  4 endoplasms
  6 giant cockroaches
  9 goblins
  15 hobgoblins
  8 jackals (D:1)
  4 quokkas
  6 ball pythons
  4 kobolds
  4 rats
67 creatures vanquished.

Notes
Turn   | Place    | Note
-------+----------+-------------------------------------------
     0 | D:1      | Morbidden the Demonspawn Conjurer began the quest for the
                  | Orb.
     0 | D:1      | Reached XP level 1. HP: 13/13 MP: 3/3
   613 | D:1      | Gained mutation: You have an unusually large brain. (Int
                  | +2) [demonic ancestry]
   613 | D:1      | Reached XP level 2. HP: 6/20 MP: 0/5
  1008 | D:1      | Learned a level 2 spell: Searing Ray
  1105 | D:1      | Reached skill level 1 in Fighting
  1427 | D:1      | Reached XP level 3. HP: 26/26 MP: 4/6
  1958 | D:2      | Found Bonkidd's General Store.
  1985 | D:2      | Found a faded altar of an unknown god.
  2009 | D:2      | Bought 6 curare-tipped darts for 46 gold pieces
  2355 | D:2      | Gained mutation: You have large cloven feet. [demonic
                  | ancestry]
  2355 | D:2      | Reached XP level 4. HP: 32/32 MP: 1/8
  2958 | D:2      | Reached skill level 5 in Conjurations
  3346 | D:3      | Noticed Robin
  3357 | D:3      | Reached skill level 11 in Fighting
  3357 | D:3      | Gained mutation: You sometimes gain a little power by
                  | taking damage. [demonic ancestry]
  3357 | D:3      | Reached XP level 5. HP: 5/56 MP: 5/9
  3357 | D:3      | HP: 2/56 [goblin/+0 club[Robin] (3)]
  3358 | D:3      | Slain by a goblin

Illustrated notes

Levels and vault maps discovered:
D:1:      dpeg_arrival_water_fire, layout_loops_ring
D:2:      cheibrodos_greedy_goblins, layout_loops_cross, serial_shops,
          shop_statue, ebering_ecumenical_altar_abandoned
D:3:      layout_basic, led_sif_book, doesnt_xom_only_xom,
          mainiacjoe_overflow_catwalk, patterned_corridor, uniq_ijyb, uniq_robin

Skill      XL: |  1  2  3  4 |
---------------+-------------+-----
Fighting       | 1 11 | 11.3
Stealth        | 2 |  2.0
Dodging        | 2 |  2.0
Conjurations   | 5 |  5.0
Unarmed Combat | |  0.1
Spellcasting   | |  2.9

Action                   |  1- 3 |  4- 6 || total
-------------------------+-------+-------++-------
Melee: Unarmed           |    14 |       ||    14
       Hand axe          |    11 |       ||    11
 Cast: Magic Dart        |    85 |    39 ||   124
       Searing Ray       |       |     1 ||     1
  Use: Potion            |     1 |     5 ||     6
       Scroll            |       |     1 ||     1
 Stab: Sleeping          |     1 |       ||     1
Armor: Robe              |    15 |     6 ||    21
Dodge: Dodged            |    43 |    15 ||    58

Table legend: (Time is in decaauts)
 A = Elapsed time spent in this place.
 B = Non-inter-level travel time spent in this place.
 C = Inter-level travel time spent in this place.
 D = Time resting spent in this place.
 E = Time spent auto-exploring this place.
 F = Levels seen in this place.
 G = Mean time per level.
                   A        B        C        D        E       F      G
               +--------+--------+--------+--------+--------+-----+--------+
         Total |   3359 |   3252 |    107 |    454 |   2410 |   3 | 1119.7 |
       Dungeon |   3359 |   3252 |    107 |    454 |   2410 |   3 | 1119.7 |
               +--------+--------+--------+--------+--------+-----+--------+

Top non-repeatable levels by time:
     D:1: 2020 daAuts
     D:2: 1067 daAuts
     D:3: 272 daAuts
